 Dungeon Crawl Stone Soup version 0.28.0 (webtiles) character file.

Game seed: 13921208668469631840

598 Hasart the Cudgeller (level 6, -3/78 HPs)
             Began as a Demigod Fighter on Feb 10, 2022.
             Slain by a killer bee (7 damage)
             ... in the Ecumenical Temple.
             The game lasted 00:07:56 (4139 turns).

Hasart the Cudgeller (Demigod Fighter)              Turns: 4139, Time: 00:07:56

Health: -3/78      AC: 27    Str: 21    XL:     6   Next: 95%
Magic:  8/8        EV:  2    Int: 10    God:
Gold:   154        SH:  5    Dex: 17    Spells: 5/5 levels left

rFire   . . .      SeeInvis .   a - +0 flail
rCold   . . .      Faith    .   c - +0 buckler
rNeg    . . .      Spirit   .   (armour currently unavailable)
rPois   +          Reflect  .   (helmet currently unavailable)
rElec   .          Harm     .   (cloak currently unavailable)
rCorr   .          Rampage  .   (gloves currently unavailable)
Will    .....      NoTele   +   (boots currently unavailable)
Stlth   ++........              (no amulet)
HPRegen 0.23/turn               n - +4 ring of protection
MPRegen 0.11/turn               (no ring)

@: tree-form
A: stationary, stasis, torment immunity, boosted hp, high MP 1, forlorn, divine
attributes
a: no special abilities


You were in the Ecumenical Temple.
You were a tree.
You visited 2 branches of the dungeon, and saw 6 of its levels.

You collected 154 gold pieces.

Inventory:

Hand Weapons
 a - a +0 flail (weapon)
Missiles
 m - 5 poisoned darts (quivered)
Armour
 b - a +0 scale mail (melded)
 c - a +0 buckler (worn)
 k - a +2 cloak (melded)
 l - a +0 helmet (melded)
 o - a +0 pair of gloves (melded)
Jewellery
 n - a +4 ring of protection (left branch)
Scrolls
 e - a scroll of noise {unknown}
 f - 9 scrolls of identify {unknown}
 g - a scroll of immolation {unknown}
 h - 2 scrolls of amnesia {unknown}
 p - a scroll of enchant weapon {unknown}
 q - a scroll of fear {unknown}
 v - a scroll of fog {unknown}
Potions
 d - 2 potions of might
 i - a potion of lignification
 r - a potion of haste {unknown}
 s - a potion of magic {unknown}
 t - a potion of attraction {unknown}
 u - a potion of degeneration {unknown}


   Skills:
 + Level 3.8 Fighting
 * Level 4.2 Maces & Flails
 + Level 1.5 Throwing
 + Level 3.8 Armour
 + Level 2.4 Dodging
 + Level 3.8 Shields


You had 5 spell levels left.
You didn't know any spells.
Your spell library contained the following spells:

 Spells                   Type           Power      Damage    Failure   Level
 Summon Small Mammal      Summ           0%         N/A       43%         1
 Call Canine Familiar     Summ           0%         N/A       82%         3
 Summon Guardian Golem    Hex/Summ       0%         N/A       82%         3


Dungeon Overview and Level Annotations

Branches:
Dungeon (5/15)             Temple (1/1) D:5

Shops:
D:1 *   D:4 =

Annotations:
D:4 1 runed translucent door, Grinder; Suckerboh's ghost, amateur KoWr


Innate Abilities, Weirdness & Mutations

You are a tree.
Your roots penetrate the ground, keeping you stationary.
You cannot be teleported.
You are immune to unholy pain and torment.
Your maximum health is greatly increased.
Your equipment is partially melded.
You have an increased reservoir of magic. (+10% MP)
You shall have no god before yourself.
Your divine heritage dramatically boosts your attributes as you level up.


Message History

Unknown command.
You miss the killer bee.
The killer bee is heavily wounded.
You feel very sick. The killer bee barely misses you.
The killer bee stings you but does no damage.
The killer bee stings you.
* * * LOW HITPOINT WARNING * * *
The killer bee stings you but does no damage.
You barely miss the killer bee.
The killer bee is heavily wounded.
You feel sick.
The killer bee stings you but does no damage.
You block the killer bee's attack.
The killer bee stings you but does no damage.
You block the killer bee's attack. x2
The killer bee stings you but does no damage.
You hit the killer bee.
The killer bee is severely wounded.
You feel sick. You block the killer bee's attack. x2
The killer bee stings you.
* * * LOW HITPOINT WARNING * * *
The killer bee barely misses you.
Unknown command.
You miss the killer bee.
The killer bee is severely wounded.
You feel sick.
The killer bee stings you but does no damage. x2
You block the killer bee's attack. The killer bee stings you.
* * * LOW HITPOINT WARNING * * *
Unknown command.
It was a potion of curing.
You feel better. You block the killer bee's attack.
The killer bee stings you but does no damage.
The killer bee completely misses you. The killer bee stings you.
* * * LOW HITPOINT WARNING * * *
Unknown command.
You barely miss the killer bee.
The killer bee is severely wounded.
The killer bee stings you!
You die...

#######
###.....###
##..(......##
#....y.y....#
#.....♣.....#
#...........#
##.........##
###.....###
###+###


You could see 2 killer bees.

Vanquished Creatures
  2 scorpions
  A killer bee (Temple)
  3 howler monkeys
  Natasha (twice) (D:2)
  2 iguanas
  An orc wizard (D:5)
  A scorpion zombie (D:5)
  Robin (D:3)
  6 adders
  A howler monkey skeleton (D:3)
  A worm (D:2)
  3 dart slugs
  7 orcs (D:5)
  2 ball pythons
  9 endoplasms
  3 giant cockroaches
  8 hobgoblins
  5 jackals (D:1)
  7 kobolds
  2 quokkas
  A frilled lizard (D:1)
  18 goblins
  4 rats
90 creatures vanquished.

Notes
Turn   | Place    | Note
-------+----------+-------------------------------------------
     0 | D:1      | Hasart the Demigod Fighter began the quest for the Orb.
     0 | D:1      | Reached XP level 1. HP: 18/18 MP: 3/3
   155 | D:1      | Reached skill level 2 in Maces & Flails
   161 | D:1      | Reached XP level 2. HP: 17/25 MP: 4/4
   426 | D:1      | Found Uby Feokhufi's Assorted Antiques.
   940 | D:2      | Reached XP level 3. HP: 18/30 MP: 5/5
  1509 | D:2      | Reached skill level 1 in Dodging
  1849 | D:2      | Reached XP level 4. HP: 38/38 MP: 6/6
  1859 | D:2      | Noticed Natasha
  1862 | D:2      | Killed Natasha
  1863 | D:2      | Reached skill level 3 in Maces & Flails
  2037 | D:2      | Noticed Natasha
  2042 | D:2      | Killed Natasha
  2394 | D:3      | Noticed Robin
  2427 | D:3      | Reached XP level 5. HP: 39/45 MP: 7/7
  2454 | D:3      | Killed Robin
  3188 | D:4      | Found a runed translucent door.
  3198 | D:4      | Noticed Suckerboh's ghost (amateur KoWr)
  3374 | D:4      | Found Tutiuff's Jewellery Shoppe.
  3435 | D:4      | Reached XP level 6. HP: 51/51 MP: 8/8
  3594 | D:4      | Noticed Grinder
  3602 | D:5      | Entered Level 5 of the Dungeon
  3618 | D:5      | Reached skill level 1 in Throwing
  3775 | D:5      | Reached skill level 4 in Maces & Flails
  3883 | D:5      | Found a staircase to the Ecumenical Temple.
  4075 | Temple   | Entered the Ecumenical Temple
  4137 | Temple   | HP: 1/78 [killer bee (4)]
  4139 | Temple   | Slain by a killer bee

Illustrated notes

Levels and vault maps discovered:
D:1:      tarquinn_simple_flora_water_b, layout_basic, serial_shops,
          nicolae_shop_overgrown_old_shop, fountainhead
D:2:      layout_basic, basic_ecumenical_altar, grunt_ministairs_1,
          kennysheep_boxes, uniq_natasha
D:3:      layout_loops_ring, minmay_misc_feat_hallway, uniq_robin
D:4:      layout_loops_corners, serial_shops, nicolae_shop_hallway_stairs,
          ebering_ghost_sewer_d, grunt_ministairs_13, uniq_grinder
D:5:      layout_basic, minmay_temple_entry_sparse_star,
          chequers_serial_rivers_large_a
Temple:   dpeg_five_rooms_temple

Skill      XL: |  1  2  3  4  5  6 |
---------------+-------------------+-----
Maces & Flails | 2 3 4 |  4.2
Fighting       | 3 |  3.8
Armour         | 3 |  3.8
Shields        | 3 |  3.8
Dodging        | 1 2 |  2.4
Throwing       | 1 |  1.5

Action                   |  1- 3 |  4- 6 || total
-------------------------+-------+-------++-------
Melee: Flail             |   107 |   240 ||   347
Throw: Dart              |       |     8 ||     8
  Use: Potion            |       |     2 ||     2
Armor: Scale mail        |    49 |   124 ||   173
       Skin              |       |    10 ||    10
Dodge: Dodged            |    36 |   126 ||   162
Block: Buckler           |    28 |    68 ||    96
